 Dungeon Crawl Stone Soup version 0.31-a0-702-gf82c85558f (webtiles) character file.

Game seed: 10273671462640335794

1332 BlueFish the Sneak (level 8, -9/20 HPs)
             Began as an Octopode Warper on Sept 8, 2023.
             Mangled by an orc warrior
             ... wielding a +0 glaive
              (11 damage)
             ... on level 5 of the Dungeon.
             The game lasted 00:13:12 (5312 turns).

BlueFish the Sneak (Octopode Warper)                Turns: 5312, Time: 00:13:12

Health: -9/20      AC:  4    Str: 17    XL:     8   Next: 61%
Magic:  12/12      EV: 10    Int: 16    God:
Gold:   181        SH:  0    Dex: 11    Spells: 4/13 levels left

rFire   . .          .
                       - Unarmed
rCold   . . .        (shield currently unavailable)
rNeg    . . .        (helmet currently unavailable)
rPois   +            (no amulet)
rElec   .            f - ring of poison resistance
rCorr   .            (no ring)
SInv    .            (no ring)
Will    .....        (no ring)
Stlth   +++          (no ring)
HPRegen 0.23/turn    (no ring)
MPRegen 0.13/turn    (no ring)
                     (no ring)

%: no passive effects
@: snake-form
A: constrict, reduced hp, almost no armour, amphibious, 8 rings, large,
(camouflage 1), (gelatinous body 1), (nimble swimmer 1), (tentacles)
a: Begin Untransformation


You were on level 5 of the Dungeon.
You were an enormous anaconda.
You visited 1 branch of the dungeon, and saw 5 of its levels.

You collected 181 gold pieces.

Inventory:

Missiles
 b - 7 darts of dispersal
 j - 8 javelins
 l - 8 poisoned darts
 m - 32 stones (quivered)
 t - 2 throwing nets
 y - 6 boomerangs
Jewellery
 f - a ring of poison resistance (left tentacle)
Talismans
 s - a beast talisman
 H - a serpent talisman (active)
Wands
 A - a wand of iceblast (21)
 B - a wand of quicksilver (4)
 C - a wand of flame (20)
Scrolls
 a - a scroll of blinking
 e - a scroll of fear {unknown}
 g - 2 scrolls of teleportation {unknown}
 n - 2 scrolls of amnesia
 o - 2 scrolls of enchant weapon
 r - a scroll of torment {unknown}
 w - a scroll of noise {unknown}
 D - a scroll of enchant armour {unknown}
Potions
 c - a potion of magic
 d - a potion of attraction {unknown}
 h - a potion of cancellation {unknown}
 i - 2 potions of heal wounds
 k - a potion of might {unknown}
 p - 3 potions of curing
 q - a potion of haste {unknown}
 u - a potion of berserk rage {unknown}
 v - a potion of enlightenment {unknown}
 x - 2 potions of lignification
 z - a potion of resistance {unknown}
 E - a potion of mutation {unknown}
 F - a potion of brilliance {unknown}
 G - 2 potions of degeneration {unknown}


   Skills:
 + Level 3.6 Fighting
 + Level 2.9 Throwing
 + Level 3.7 Dodging
 * Level 6.1 Stealth
 + Level 3.4 Unarmed Combat
 + Level 3.2 Spellcasting
 + Level 1.9 Conjurations
 + Level 4.0 Translocations
 * Level 3.4 Evocations
 * Level 3.2 Shapeshifting


You had 4 spell levels left.
You knew the following spells:

 Your Spells              Type           Power      Damage    Failure   Level
a - Blink                 Tloc           30%        N/A       5%          2
b - Lesser Beckoning      Tloc           30%        N/A       5%          2
c - Teleport Other        Tloc           15%        N/A       11%         3
d - Apportation           Tloc           30%        N/A       3%          1
e - Magic Dart            Conj           32%        1d4       9%          1

Your spell library contained the following spells:

 Spells                   Type           Power      Damage    Failure   Level
 Summon Small Mammal      Summ           8%         N/A       19%         1
 Call Imp                 Summ           4%         N/A       28%         2
 Jinxbite                 Hex            4%         N/A       28%         2
 Manifold Assault         Tloc           15%        N/A       34%         4
 Hailstorm                Conj/Ice       5%         3d4       36%         3
 Mephitic Cloud           Conj/Pois/Air  4%         N/A       38%         3
 Call Canine Familiar     Summ           2%         N/A       50%         3
 Summon Guardian Golem    Hex/Summ       2%         N/A       50%         3
 Vhi's Electric Charge    Tloc/Air       18%        N/A       61%         4
 Summon Ice Beast         Ice/Summ       2%         N/A       88%         4
 Summon Forest            Summ/Tloc      4%         N/A       91%         5
 Alistair's Intoxication  Tmut/Pois      1%         N/A       99%         5
 Eringya's Noxious Bog    Tmut/Pois      1%         4d6       100%        6
 Simulacrum               Ice/Necr       1%         N/A       100%        6
 Summon Hydra             Summ           1%         N/A       100%        7


Dungeon Overview and Level Annotations

Branches:
Dungeon (5/15)
 Temple: D:4-7

Altars:
Qazlal
Yredelemnul
Zin

Shops:
D:2 [

Annotations:
D:5 Menkaure


Innate Abilities, Weirdness & Mutations

You are an enormous anaconda.
You have a powerful constriction melee attack.
Your maximum health is decreased, since you lack skill for your form.
Your armour is entirely melded.
You are incapable of wielding weapons or throwing items.
You cannot wear most types of armour.
You are amphibious.
You can wear up to eight rings at the same time.
((Your skin changes colour to match your surroundings (Stealth+).))
((Your rubbery body absorbs attacks. (AC +1, EV +1)))
((You are camouflaged when in or above water. (Stealth+)))
((You have tentacles for arms and can constrict up to eight enemies at once.))


Message History

The sky beast is moderately wounded.
The sky beast hits you. The sky beast shocks you.
You tentacle-slap the sky beast but do no damage.
You squeeze the sky beast.
The sky beast is heavily wounded.
The sky beast closely misses you.
You tentacle-slap the sky beast. You squeeze the sky beast!
The sky beast is almost dead.
The sky beast flickers out of sight!
Deactivating autopickup; reactivate with Ctrl-A.
Something hits you. Something shocks you. Something hits you.
Something shocks you.
* * * LOW HITPOINT WARNING * * *
Okay, then.
Blink to where?
Press: ? - help, Dir - move target
As you read the scroll of blinking, it crumbles to dust.
You start resting.
HP restored.
You begin transforming.
You continue transforming. x3
Your transformation has ended.
You turn into an enormous anaconda.
An ogre is nearby!
Found an escape hatch in the ceiling.
Found a +0 club.
Found a stone staircase leading up.
Menkaure, Prince of Dust comes into view.
There is an escape hatch in the ceiling here.
An orc warrior comes into view. It is wielding a +0 glaive.
An orc comes into view. It is wielding a +0 hand axe.
The orc moves out of view.
An orc comes into view. It is wielding a +0 mace.
Found a scroll of amnesia.
Found a stone staircase leading up.
The orc warrior hits you from afar with a +0 glaive!!
Ouch! That really hurt!
* * * LOW HITPOINT WARNING * * *
There is a stone staircase leading up, spattered with blood here.
The orc warrior hits you from afar with a +0 glaive!
Ouch! That really hurt!
You die...

.####..M.........###.#
##......#.#..######...#
.................# #.#..
....##....).#.##.# #.#.#
..o........<.....# #.#.#
?......#.#.....#####....
.o...#.................#
.....o.#.#.#.....#......
#..#.S...........#####
.........#.#.#.#.#.##
..#..#.....#.#......####
.... #...........#......
### ....####....#..####
..#### #.....#..#
...######..O~###.#
##..........# #.#
.........{# #.#


You could see an orc warrior and 2 orcs.

Vanquished Creatures
  Pikel (D:4)
  3 lemures (D:4)
  A bullfrog (D:4)
  2 necrophages (D:4)
  A scorpion (D:4)
  A wight (D:4)
  A human zombie (D:4)
  3 hounds
  3 orc priests
  An iguana (D:5)
  2 orc wizards
  A scorpion zombie (D:4)
  4 hound zombies (D:4)
  A mummy (D:4)
  10 adders
  2 adder zombies (D:4)
  2 worms
  A dart slug (D:4)
  15 orcs
  7 endoplasms
  3 giant cockroaches
  8 hobgoblins
  3 jackals (D:4)
  2 quokkas
  12 ball pythons
  3 bats
  2 frilled lizards (D:2)
  10 goblins
  4 kobolds
  3 rats
112 creatures vanquished.

Notes
Turn   | Place    | Note
-------+----------+-------------------------------------------
     0 | D:1      | BlueFish the Octopode Warper began the quest for the Orb.
     0 | D:1      | Reached XP level 1. HP: 14/14 MP: 3/3
   278 | D:1      | Reached skill level 1 in Stealth
   279 | D:1      | Reached XP level 2. HP: 11/17 MP: 5/5
  1067 | D:1      | Learned a level 2 spell: Blink
  1070 | D:1      | Learned a level 2 spell: Lesser Beckoning
  1166 | D:2      | Reached skill level 2 in Stealth
  1166 | D:2      | Reached XP level 3. HP: 24/24 MP: 6/6
  1430 | D:2      | Reached XP level 4. HP: 26/29 MP: 7/7
  1434 | D:2      | Learned a level 3 spell: Teleport Other
  1827 | D:2      | Found Saugal's Armour Emporium.
  1832 | D:2      | Identified the +0 cloak of Vehumet's Delight {Contam Str+7
                  | Int+3 Stlth+}
  2079 | D:3      | Reached skill level 3 in Stealth
  2083 | D:3      | Reached XP level 5. HP: 32/35 MP: 8/8
  2159 | D:3      | Reached skill level 1 in Shapeshifting
  2587 | D:3      | Found a faded altar of an unknown god.
  3135 | D:4      | Learned a level 1 spell: Apportation
  3137 | D:4      | Learned a level 1 spell: Magic Dart
  3223 | D:4      | HP: 1/35 [hobgoblin (5)]
  3228 | D:4      | Reached skill level 1 in Evocations
  3228 | D:4      | Reached XP level 6. HP: 4/41 MP: 9/9
  3388 | D:4      | Reached skill level 4 in Stealth
  3466 | D:4      | Noticed Pikel
  3684 | D:4      | Found a glowing silver altar of Zin.
  3684 | D:4      | Found a stormy altar of Qazlal.
  3910 | D:4      | Reached XP level 7. HP: 39/45 MP: 11/11
  3964 | D:4      | Killed Pikel
  3965 | D:4      | Reached skill level 5 in Stealth
  3965 | D:4      | Reached skill level 1 in Conjurations
  3965 | D:4      | Reached XP level 8. HP: 14/52 MP: 12/12
  4376 | D:4      | Found a basalt altar of Yredelemnul.
  4810 | D:5      | Entered Level 5 of the Dungeon
  4866 | D:5      | Reached skill level 6 in Stealth
  5304 | D:5      | Noticed Menkaure
  5312 | D:5      | Mangled by an orc warrior

Illustrated notes

Levels and vault maps discovered:
D:1:      elethiomel_arrival_maze, layout_basic, serial_glass, glass_columns_a,
          glass_columns_a, dreamdust_mushroom_princess
D:2:      layout_basic, serial_shops, shop, kennysheep_big_empty_room
D:3:      layout_loops_corners, ebering_ecumenical_altar_petrified,
          minmay_shallow_snake_nest
D:4:      minmay_diamond_boxcup, layout_loops_ring,
          lemuel_mausoleum_altar_yredelemnul, gammafunk_temple_overflow_statue,
          uniq_pikel
D:5:      layout_basic, uniq_menkaure

Skill      XL: |  1  2  3  4  5  6  7  8 |
---------------+-------------------------+-----
Stealth        | 1 2 3 4 5 6 |  6.1
Shapeshifting  | 1 2 3 |  3.2
Throwing       | 2 |  2.9
Dodging        | 3 |  3.7
Evocations     | 1 2 3 |  3.4
Fighting       | 3 |  3.6
Unarmed Combat | 3 |  3.4
Conjurations   | 1 |  1.9
Spellcasting   | 3 |  3.2
Translocations | 4 |  4.0

Action                     |  1- 3 |  4- 6 |  7- 9 || total
---------------------------+-------+-------+-------++-------
  Melee: Unarmed           |    62 |   174 |    98 ||   334
         Constrict         |    15 |    44 |    19 ||    78
         Tentacles         |    12 |    52 |    33 ||    97
         Punch             |       |     7 |     5 ||    12
  Evoke: Wand              |       |       |     3 ||     3
    Use: Potion            |       |     1 |       ||     1
         Scroll            |       |     5 |     1 ||     6
   Stab: Sleeping          |     9 |     7 |    10 ||    26
 Armour: Skin              |    29 |    63 |    44 ||   136
  Dodge: Dodged            |    35 |    83 |    49 ||   167
   Form: Beast             |       |     3 |       ||     3
                           |       |     2 |       ||     2
         Anaconda          |       |       |     1 ||     1

Table legend: (Time is in decaauts)
 A = Elapsed time spent in this place.
 B = Non-inter-level travel time spent in this place.
 C = Inter-level travel time spent in this place.
 D = Time resting spent in this place.
 E = Time spent auto-exploring this place.
 F = Levels seen in this place.
 G = Mean time per level.
                   A        B        C        D        E       F      G
               +--------+--------+--------+--------+--------+-----+--------+
         Total |   5294 |   5186 |    108 |    162 |   3959 |   5 | 1058.8 |
       Dungeon |   5294 |   5186 |    108 |    162 |   3959 |   5 | 1058.8 |
               +--------+--------+--------+--------+--------+-----+--------+

Top non-repeatable levels by time:
     D:4: 1669 daAuts
     D:3: 1196 daAuts
     D:1: 1089 daAuts
     D:2: 839 daAuts
     D:5: 499 daAuts
